 Dungeon Crawl Stone Soup version 0.20.0-4-g10b340a (webtiles) character file.

315 MirrMurr the Twirler (level 6, -3/48 HPs)
             Began as a Demonspawn Gladiator on May 28, 2017.
             Slain by a gnoll
             ... wielding a +0 halberd
              (12 damage)
             ... on level 3 of the Dungeon.
             The game lasted 00:12:47 (3342 turns).

MirrMurr the Twirler (Demonspawn Gladiator)         Turns: 3342, Time: 00:12:48

Health: -3/48      AC:  5    Str: 16    XL:     6   Next: 20%
Magic:  6/6        EV: 12    Int: 10    God:
Gold:   244        SH:  0    Dex: 14    Spells: 5/5 levels left

rFire    . . .     SeeInvis .   a - +0 quarterstaff
rCold    + . .     Gourm    .   (shield currently unavailable)
rNeg     . . .     Faith    .   b - +0 leather armour
rPois    .         Spirit   .   c - +0 helmet
rElec    .         Reflect  .   (no cloak)
rCorr    .         Harm     .   m - +0 pair of gloves
MR       .....                  (no boots)
Stlth    +.........             (no amulet)
Regen    0.2/turn               (no ring)
MPRegen  0.1/turn               (no ring)

@: no status effects
A: claws 1, cold resistance 1
a: no special abilities


You were on level 3 of the Dungeon.
You were hungry.

You visited 1 branch of the dungeon, and saw 3 of its levels.

You collected 244 gold pieces.

Inventory:

Hand Weapons
 a - a +0 quarterstaff (weapon)
 p - a +0 hunting sling
Missiles
 d - 3 throwing nets {!f}
 g - 108 stones
 i - 17 poisoned needles
 j - 11 tomahawks (quivered)
 z - 16 sling bullets
Armour
 b - a +0 leather armour (worn)
 c - a +0 helmet (worn)
 m - a +0 pair of gloves (worn)
 A - a +2 leather armour of fire resistance
Wands
 u - a wand of iceblast (4/15)
Scrolls
 e - a scroll of fear {unknown}
 k - a scroll of random uselessness {unknown}
 l - 2 scrolls of remove curse {unknown}
 r - a scroll of teleportation {unknown}
 w - a scroll of magic mapping {unknown}
 y - a scroll of recharging {unknown}
Potions
 n - a potion of mutation
 s - a potion of flight
 v - 2 potions of curing
 x - a potion of haste
Comestibles
 f - 2 bread rations
 h - a royal jelly
 o - a chunk of flesh
 q - a meat ration
 C - 3 fruits


   Skills:
 + Level 4.1 Fighting
 * Level 5.3 Staves
 - Level 1.7 Throwing
 + Level 0.6 Armour
 - Level 2.6 Dodging


You had 5 spell levels left.
You didn't know any spells.

Dungeon Overview and Level Annotations

Branches:
Dungeon (3/15)

Altars:
Xom


Innate Abilities, Weirdness & Mutations

You have sharp fingernails.
Your flesh is cold resistant. (rC+)


Message History

* * * LOW HITPOINT WARNING * * *
You thump the gnoll!
The gnoll is severely wounded.
You hit the gnoll.
The gnoll is severely wounded.
The gnoll hits you with a halberd.
* * * LOW HITPOINT WARNING * * *
You closely miss the gnoll.
The gnoll is severely wounded.
The gnoll barely misses you.
You hit the gnoll but do no damage.
The gnoll is severely wounded.
The gnoll hits you but does no damage.
You barely miss the gnoll.
The gnoll is severely wounded.
The gnoll barely misses you.
You hit the gnoll but do no damage.
The gnoll is severely wounded.
The gnoll hits you with a halberd!
You die...

### ..# ###.#### # ......#
#...#####)##.# #.........g..#
#.#######.#..####################
...†)..).......g@†...............
#.####.####..##############.###.#
# ##.......######.........# #.#
.........................#### #.#
############.######.####..#####.#
#.# #.......(......
##.######.#####.#####..
#...).)...# #........ #..######.#
#..###...


You could see a gnoll.

Vanquished Creatures
  The ghost of gorpus the Digger, an amateur OpEE (D:3)
  Jessica (D:3)
  7 gnolls (D:3)
  3 adders
  An ooze (D:1)
  5 worms
  A dart slug (D:2)
  2 leopard geckos
  3 orcs (D:3)
  10 bats
  4 giant cockroaches
  8 goblins
  5 hobgoblins
  A quokka (D:2)
  A ball python (D:1)
  4 frilled lizards
  6 kobolds
  8 rats
71 creatures vanquished.

Notes
Turn   | Place    | Note
-------+----------+-------------------------------------------
     0 | D:1      | MirrMurr the Demonspawn Gladiator began the quest for the Orb.
     0 | D:1      | Reached XP level 1. HP: 16/16 MP: 1/1
    93 | D:1      | Reached skill level 3 in Staves
   112 | D:1      | Gained mutation: You have sharp fingernails. [demonic ancestry]
   112 | D:1      | Reached XP level 2. HP: 16/23 MP: 2/2
   885 | D:2      | Found a shimmering altar of Xom.
  1096 | D:2      | Reached XP level 3. HP: 28/28 MP: 3/3
  1574 | D:3      | Noticed gorpus's ghost (amateur OpEE)
  2049 | D:3      | Noticed Jessica
  2067 | D:3      | Killed Jessica
  2067 | D:3      | Reached skill level 4 in Staves
  2067 | D:3      | Reached XP level 4. HP: 17/35 MP: 4/4
  2785 | D:3      | Gained mutation: Your flesh is cold resistant. (rC+) [demonic ancestry]
  2785 | D:3      | Reached XP level 5. HP: 34/41 MP: 5/5
  2990 | D:3      | Killed gorpus's ghost
  2990 | D:3      | Reached skill level 5 in Staves
  3211 | D:3      | Reached XP level 6. HP: 36/48 MP: 6/6
  3342 | D:3      | Slain by a gnoll

Skill      XL: |  1  2  3  4  5 |
---------------+----------------+-----
Staves         | 3 4 5 |  5.3
Fighting       | 3 4 |  4.1
Throwing       | |  1.7
Armour         | |  0.6
Dodging        | |  2.6

Action                   |  1- 3 |  4- 6 || total
-------------------------+-------+-------++-------
Melee: Quarterstaff      |    81 |   118 ||   199
Throw: Tomahawk          |    53 |     4 ||    57
  Use: Scroll            |     7 |       ||     7
       Potion            |       |     2 ||     2
 Stab: Sleeping          |     1 |       ||     1
  Eat: Chunk             |     4 |     3 ||     7
Armor: Leather armour    |    33 |    31 ||    64
Dodge: Dodged            |    67 |    69 ||   136
